 Dungeon Crawl Stone Soup version 0.30.0-10-gfe55d96785 (webtiles) character file.

Game seed: 8193212417067971771

917050 Strat the Conqueror (level 27, -9/179 HPs)
             Began as a Gargoyle Gladiator on May 15, 2023.
             Was the Champion of the Shining One.
             Killed from afar by an orb of fire (62 damage)
             ... with a fireball
             ... on level 5 of the Realm of Zot.
             The game lasted 03:53:37 (77667 turns).

Strat the Conqueror (Gargoyle Gladiator)           Turns: 77667, Time: 03:53:38

Health: -9/179     AC: 67    Str: 31    XL:     27
Magic:  10/23      EV: 15    Int:  8    God:    the Shining One [******]
Gold:   9421       SH: 18    Dex: 15    Spells: 23/26 levels left

rFire   . . .        b - +8 sacred scourge (holy)
rCold   + + .        x - +5 Storm Queen's Shield {shock, Fly rElec}
rNeg    + + +        G - +12 gold dragon scales
rPois   ∞            y - -2 hat of the Alchemist {rElec rPois rF+ rC+ rN+ Will+ rMut rCorr}
rElec   +            p - +1 cloak
rCorr   +            r - +0 pair of gloves of Xiphou {MP-9 Dex+6 Slay+5}
SInv    .            Z - +2 pair of boots
Will    +++..        J - amulet of faith Stlth
                     D - +4 ring of slaying
HPRegen 1.29/turn    V - +5 ring of evasion
MPRegen 0.18/turn

%: clarity, resist mutation, faith
@: about to teleport, flying, glowing, studying 2 skills, unable to read
A: sickness immunity, AC +20, big wings, negative energy resistance 1,
electricity resistance, torment resistance 1, petrification resistance, fangs 1,
horns 1, clarity, clumsy 1, dopey 1, frail 1, low MP 2, regeneration 1, heat
vulnerability 2, subdued magic 1, inability to read after injury 1, devolution 1
}: 10/15 runes: serpentine, barnacled, slimy, silver, abyssal, demonic, glowing,
magical, fiery, dark
a: Renounce Religion, Divine Shield, Cleansing Flame, Summon Divine Warrior


You were on level 5 of the Realm of Zot.
You worshipped the Shining One.
The Shining One was exalted by your worship.
You visited 13 branches of the dungeon, and saw 57 of its levels.
You visited Pandemonium 1 time, and saw 19 of its levels.
You visited the Abyss 3 times.
You visited 2 bazaars.
You also visited: Trove, Ossuary, Bailey and Desolation.

You collected 17191 gold pieces.
You spent 7770 gold pieces at shops.

Inventory:

Hand Weapons
 a - a +2 eveningstar of freezing
 b - a +8 sacred scourge of holy wrath (weapon)
Missiles
 d - 9 throwing nets (quivered)
 e - 14 javelins
 n - 23 curare-tipped darts
 B - 21 silver javelins
Armour
 g - a +2 pair of gloves of hurling
 o - a +2 hat of willpower
 p - a +1 cloak (worn)
 r - the +0 pair of gloves of Xiphou (worn) {MP-9 Dex+6 Slay+5}
   (You acquired it in Pandemonium)

   Dex:       It affects your dexterity (+6).
   Slay:      It affects your accuracy & damage with ranged weapons and melee
   (+5).
   MP:        It affects your magic capacity (-9).
 x - the +5 Storm Queen's Shield (worn) {shock, Fly rElec}
   (You found it in the Desolation of Salt)

   Shock:     When it blocks an attack, it may electrocute the attacker.
   This works even against foes who are a short distance away.
   rElec:     It insulates you from electricity.
   Fly:       It grants you flight.
 y - the -2 hat of the Alchemist (worn) {rElec rPois rF+ rC+ rN+ Will+ rMut rCorr}
   (You found it in a treasure trove)

   rF:        It protects you from fire.
   rC:        It protects you from cold.
   rElec:     It insulates you from electricity.
   rPois:     It protects you from poison.
   rN:        It protects you from negative energy.
   rCorr:     It protects you from acid and corrosion.
   rMut:      It protects you from mutation.
   Will:      It increases your willpower.
 G - +12 gold dragon scales (worn)
 P - a +0 pair of boots of rampaging
 Z - a +2 pair of boots (worn)
Jewellery
 j - the amulet of Owysm {Acrobat Regen+ Int+3}
   (You bought it in a shop on level 3 of the Depths)

   [amulet of the acrobat]

   It increases your evasion while moving and waiting.
   Int:       It affects your intelligence (+3).
   Regen:     It increases your rate of health regeneration.
 k - a ring of resist corrosion
 D - a +4 ring of slaying (left hand)
 J - an amulet of faith (around neck)
 K - a ring of protection from cold
 M - a ring of willpower
 Q - an amulet of reflection
 R - a +6 ring of dexterity
 V - a +5 ring of evasion (right hand)
Wands
 H - a wand of roots (76)
 I - a wand of paralysis (100)
 L - a wand of polymorph (45)
 O - a wand of flame (100)
 S - a wand of mindburst (42)
 U - a wand of quicksilver (36)
 Y - a wand of digging (46)
Scrolls
 f - 4 scrolls of amnesia
 i - 6 scrolls of poison
 l - 7 scrolls of butterflies
 q - 3 scrolls of magic mapping
 w - 9 scrolls of teleportation
 A - a scroll of blinking
 C - 2 scrolls of brand weapon
 E - 3 scrolls of fog
 N - 14 scrolls of fear
 X - 5 scrolls of silence
Potions
 c - 6 potions of haste
 h - 2 potions of heal wounds
 m - 8 potions of resistance
 s - 9 potions of cancellation
 t - 7 potions of magic
 u - 21 potions of curing
 v - 8 potions of ambrosia
 z - 13 potions of brilliance
 F - 2 potions of berserk rage
 T - 6 potions of might


   Skills:
 O Level 27 Fighting
 - Level 16.0 Maces & Flails
 - Level 10.0 Throwing
 O Level 27 Armour
 - Level 4.7 Dodging
 - Level 14.0 Shields
 O Level 27 Invocations
 + Level 25.3 Evocations


You had 23 spell levels left.
You knew the following spells:

 Your Spells              Type           Power      Damage    Failure   Level
a - Apportation           Tloc           0%         N/A       96%         1
b - Blink                 Tloc           0%         N/A       99%         2

Your spell library contained the following spells:

 Spells                   Type           Power      Damage    Failure   Level
 Foxfire                  Conj/Fire      0%         2x1d4     96%         1
 Kiss of Death            Conj/Necr      0%         2d5       96%         1
 Magic Dart               Conj           0%         1d3       96%         1
 Sandblast                Erth           0%         2d4       96%         1
 Shock                    Conj/Air       0%         1d3       96%         1
 Slow                     Hex            0%         N/A       96%         1
 Sting                    Tmut/Pois      0%         1d3       96%         1
 Summon Small Mammal      Summ           0%         N/A       96%         1
 Call Imp                 Summ           0%         N/A       99%         2
 Ensorcelled Hibernation  Hex/Ice        0%         N/A       99%         2
 Lesser Beckoning         Tloc           0%         N/A       99%         2
 Momentum Strike          Conj/Tloc      0%         3d8       99%         2
 Passwall                 Tmut/Erth      0%         N/A       99%         2
 Poisonous Vapours        Pois/Air       0%         N/A       99%         2
 Scorch                   Fire           0%         2d5       99%         2
 Wereblood                Tmut           0%         N/A       99%         2
 Call Canine Familiar     Summ           0%         N/A       100%        3
 Confusing Touch          Hex            0%         N/A       100%        3
 Dazzling Flash           Conj/Hex       0%         N/A       100%        3
 Gell's Gravitas          Tloc           0%         N/A       100%        3
 Ignite Poison            Fire/Tmut/Pois 0%         N/A       100%        3
 Inner Flame              Hex/Fire       0%         N/A       100%        3
 Mephitic Cloud           Conj/Pois/Air  0%         N/A       100%        3
 Ozocubu's Armour         Ice            0%         N/A       100%        3
 Portal Projectile        Hex/Tloc       0%         N/A       100%        3
 Spider Form              Tmut/Pois      0%         N/A       100%        3
 Stone Arrow              Conj/Erth      0%         3d7       100%        3
 Summon Guardian Golem    Hex/Summ       0%         N/A       100%        3
 Teleport Other           Tloc           0%         N/A       100%        3
 Tukima's Dance           Hex            0%         N/A       100%        3
 Vampiric Draining        Necr           0%         2d6       100%        3
 Volatile Blastmotes      Fire/Tloc      0%         2d10      100%        3
 Anguish                  Hex/Necr       0%         N/A       100%        4
 Animate Armour           Summ/Erth      0%         N/A       100%        4
 Cause Fear               Hex            0%         N/A       100%        4
 Dispel Undead            Necr           0%         3d6       100%        4
 Flame Wave               Conj/Fire      0%         2d4       100%        4
 Fulminant Prism          Conj/Hex       0%         3d5       100%        4
 Iskenderun's Mystic Bla  Conj/Tloc      0%         2d3       100%        4
 Leda's Liquefaction      Hex/Erth       0%         N/A       100%        4
 Manifold Assault         Tloc           0%         N/A       100%        4
 Olgreb's Toxic Radiance  Pois           0%         N/A       100%        4
 Passage of Golubria      Tloc           0%         N/A       100%        4
 Petrify                  Tmut/Erth      0%         N/A       100%        4
 Sticky Flame             Conj/Fire      0%         2d3       100%        4
 Summon Lightning Spire   Summ/Air       0%         N/A       100%        4
 Alistair's Intoxication  Tmut/Pois      0%         N/A       100%        5
 Blade Hands              Tmut           0%         N/A       100%        5
 Borgnjor's Vile Clutch   Necr/Erth      0%         N/A       100%        5
 Fireball                 Conj/Fire      0%         3d3       100%        5
 Freezing Cloud           Conj/Ice/Air   0%         6-21      100%        5
 Iskenderun's Battlesphe  Conj           0%         2d6       100%        5
 Lee's Rapid Deconstruct  Erth           0%         3d4*      100%        5
 Metabolic Englaciation   Hex/Ice        0%         N/A       100%        5
 Summon Forest            Summ/Tloc      0%         N/A       100%        5
 Summon Mana Viper        Hex/Summ       0%         N/A       100%        5
 Yara's Violent Unravell  Hex/Tmut       0%         3d3       100%        5
 Conjure Ball Lightning   Conj/Air       0%         3x3d6     100%        6
 Dispersal                Tloc           0%         N/A       100%        6
 Eringya's Noxious Bog    Tmut/Pois      0%         N/A       100%        6
 Simulacrum               Ice/Necr       0%         N/A       100%        6
 Starburst                Conj/Fire      0%         6d3       100%        6
 Summon Cactus Giant      Summ           0%         N/A       100%        6
 Dragon Form              Tmut           0%         N/A       100%        7
 Enfeeble                 Hex            0%         N/A       100%        7
 Malign Gateway           Summ/Tloc      0%         N/A       100%        7
 Orb of Destruction       Conj           0%         9d5       100%        7
 Ozocubu's Refrigeration  Ice            0%         4d7       100%        7
 Storm Form               Tmut/Air       0%         N/A       100%        7
 Summon Hydra             Summ           0%         N/A       100%        7
 Discord                  Hex            0%         N/A       100%        8
 Disjunction              Tloc           0%         N/A       100%        8
 Ignition                 Fire           0%         3d3       100%        8
 Infestation              Necr           0%         N/A       100%        8
 Lehudib's Crystal Spear  Conj/Erth      0%         10d2      100%        8
 Maxwell's Capacitive Co  Air            0%         ∞         100%        8
 Dragon's Call            Summ           0%         N/A       100%        9
 Fire Storm               Conj/Fire      0%         5d1       100%        9
 Cigotuvi's Dreadful Rot  Necr/Pois/Air  Unusable   N/A       N/A         2
 Statue Form              Tmut/Erth      Unusable   N/A       N/A         6

Dungeon Overview and Level Annotations

Branches:
Dungeon (15/15)            Temple (1/1) D:5            Lair (5/5) D:10
 Shoals (4/4) Lair:2        Snake (4/4) Lair:2        Slime (5/5) Lair:5
    Orc (2/2) D:11            Elf (3/3) Orc:2        Vaults (5/5) D:13
  Crypt (3/3) Vaults:2       Tomb (1/3) Crypt:3      Depths (4/4) D:15
    Zot (5/5) Depths:4    Ossuary (visited)          Bailey (visited)
Desolation (visited)

Altars:
Ashenzari
Cheibriados
Dithmenos
Elyvilon
Fedhas
Gozag
Hepliaklqana
Kikubaaqudgha
Makhleb
Nemelex Xobeh
Okawaru
Qazlal
Ru
Sif Muna
Trog
Uskayaw
Vehumet
Wu Jian
Xom
Yredelemnul
Zin
The Shining One
Jiyva
Lugonu

Shops:
D:12 ![[*   Orc:2 ((::   Elf:1 !   Snake:1 ??*   Vaults:2 *   Vaults:3 =
Depths:3 ***(!*::=[   Depths:4 *

Portals:
Hell: Depths:1 Depths:2 Depths:3 Depths:4
Abyss: Shoals:2 Depths:2 Depths:3
Pandemonium: Depths:2 Depths:3
Ziggurat: Depths:3

Annotations:
D:9 Erolcha
D:13 exclusion: statue
D:14 Roxanne
Lair:3 Josephine
Shoals:2 1 runed translucent door
Snake:3 1 runed translucent door, Akuuror's ghost, adept GrFi
Elf:2 3 runed translucent doors
Vaults:3 3 runed translucent doors, theMacoje's ghost, adept OgEn


Innate Abilities, Weirdness & Mutations

You are immune to sickness and miasma.
Your stone body is resilient. (AC +20)
You are immune to poison.
Your large and strong wings let you fly.
You resist negative energy. (rN+)
You are resistant to electric shocks. (rElec)
You are resistant to unholy torment.
You are immune to petrification.
You have very sharp teeth.
You have a pair of small horns on your head.
You possess an exceptional clarity of mind.
You are clumsy. (Dex -2)
You are dopey. (Int -2)
You are frail. (-10% HP)
Your magical capacity is very low. (-20% MP)
Your natural rate of healing is unusually fast.
You are very vulnerable to heat. (rF--)
Your spells are a little easier to cast, but a little less powerful.
You occasionally lose the ability to read scrolls when taking damage.
You have hidden genetic defects.


Message History

Your daeva hits the dread lich with a +2 scimitar of holy wrath!!
The dread lich convulses!!
The dread lich is destroyed!
The Shining One accepts your kill.
You start resting.
An orb of fire is nearby!
As you read the scroll of teleportation, it crumbles to dust.
You feel strangely unstable.
You feel the Orb delaying your translocation!
The orb of fire glows deep purple.
The fireball explodes!
The fireball engulfs your daeva!!!!
Your daeva calls down the wrath of the Shining One upon the orb of fire.
The orb of fire is smitten.
The orb of fire glows red.
The bolt of fire hits your daeva!!!
Your daeva dies!
Your daeva dissolves into sparkling lights!
The bolt of fire hits you!!!
You feel threatened and lose the ability to read scrolls!
* * * LOW HITPOINT WARNING * * *
You thrash the orb of fire!!
You headbutt the orb of fire, but do no damage.
The orb of fire is moderately damaged.
You thrash the orb of fire!!
You bite the orb of fire, but do no damage.
The orb of fire is moderately damaged.
You thrash the orb of fire!! You headbutt the orb of fire.
The orb of fire is heavily damaged.
The orb of fire glows deep purple.
The bolt of fire misses you.
You hit the orb of fire. Your headbutt misses the orb of fire.
You bite the orb of fire, but do no damage.
The orb of fire is heavily damaged.
You thrash the orb of fire!!
The orb of fire is severely damaged.
You thrash the orb of fire!!
The orb of fire is almost destroyed.
The orb of fire glows bright magenta.
The fireball explodes!
The fireball engulfs you!!!
You die...

▓▓▓▓▓▓▓▓▓▓****
▓▓▓▓.........,,,,
▓▓............,,,,
▓▓.............,,,,
▓..............,,,,
▓.@..^.........,,,,
▓▓.*...........^,,,
▓▓..^.^.......,,,,
▓▓$..........,,,,
*▓............,,,,
*▓.............,,,,
▓..............,,,,
▓..............,,,,
▓▓.....^.......,,,,


You could see an orb of fire.

Vanquished Creatures
  Cerebov (Pan)
  the Royal Jelly (Slime:5)
  Gloorx Vloq (Pan)
  Mnoleg (Pan)
  Lom Lobon (Pan)
  A dread lich (Vaults:5)
  3 orbs of fire (Zot:5)
  2 ancient liches (Zot:5)
  Mara (Depths:1)
  Mennas (Crypt:1)
  A juggernaut (Depths:3)
  Boris (twice) (Vaults:4 Depths:1)
  Bai Suzhen (Depths:1)
  3 Killer Klowns (Zot:5)
  Margery (Vaults:3)
  Frederick (Depths:3)
  9 golden dragons
  A curse toe (Zot:5)
  5 pandemonium lords (Pan)
  Nikola (Snake:2)
  A pearl dragon (Pan)
  A profane servitor (Abyss:3)
  5 Tzitzimimeh (Pan)
  A bone dragon (Abyss:3)
  3 electric golems
  5 hellephants
  3 Brimstone Fiends (Pan)
  11 tentacled monstrosities
  3 Hell Sentinels
  Zenata (Crypt:1)
  Asterion (Vaults:1)
  A shard shrike skeleton (Abyss:3)
  3 quicksilver dragons
  9 liches
  6 Ice Fiends (Pan)
  9 Orb Guardians (Zot:5)
  A walking frostbound tome (Depths:3)
  9 acid blobs
  5 titans
  A walking divine tome (Depths:2)
  4 death cobs
  19 Executioners (Pan)
  A deep elf master archer (Elf:3)
  2 deep elf blademasters (Elf:3)
  Frances (Elf:1)
  Kirke (Lair:3)
  5 sphinxes
  3 ancient champions
  7 tentacled starspawn (Abyss:3)
  Gastronok (Lair:3)
  5 draconian monks
  11 storm dragons
  4 revenants
  8 azure jellies
  7 shadow dragons
  10 tengu reavers
  5 rockslimes
  A daeva (Pan)
  A demonspawn warmonger (Pan)
  6 nagarajas
  A draconian knight (Zot:2)
  15 fire giants
  2 imperial myrmidons (Desolation)
  5 iron dragons
  A ghost moth (Zot:3)
  13 balrugs (Pan)
  22 vault wardens
  An emperor scorpion (shapeshifter) (Zot:5)
  7 frost giants
  9 deep elf sorcerers
  2 deep elf elementalists (Elf:3)
  A quicksilver ooze (shapeshifter) (Zot:5)
  A draconian scorcher (Zot:2)
  5 curse skulls
  Aizul (Snake:4)
  11 angels
  25 cacodemons
  5 spriggan defenders
  Louise (Elf:1)
  16 ironbound preservers
  5 war gargoyles
  5 reapers
  A caustic shrike skeleton (Pan)
  16 stone giants
  5 quicksilver oozes
  12 ghouls
  4 orc warlords
  4 draconian annihilators
  7 demonspawn blood saints (Pan)
  44 very ugly things
  7 deep elf demonologists
  9 demonspawn corrupters (Pan)
  3 starflowers (Abyss:3)
  10 ironbound thunderhulks
  8 apis (Pan)
  4 green draconians
  2 ophanim (Pan)
  9 vampire knights
  A minotaur (shapeshifter) (Zot:5)
  An elemental wellspring (Shoals:1)
  7 black draconians
  6 demonspawn black suns (Pan)
  2 halazid warlocks (Desolation)
  10 deep elf annihilators
  3 purple draconians
  6 red draconians
  9 yellow draconians
  12 spark wasps
  4 white draconians
  9 lorocyprocas (Pan)
  13 blizzard demons (Pan)
  3 crystal guardians
  11 fire dragons
  6 eidola
  8 merfolk javelineers
  7 merfolk impalers
  11 jiangshi
  19 ettins
  3 mummy priests (Crypt:3)
  16 yaktaur captains
  8 deep elf death magi
  4 entropy weavers
  7 green deaths (Pan)
  7 ragged hierophants (Desolation)
  5 deep elf high priests
  10 great orbs of eyes
  A great orb of eyes (shapeshifter) (Vaults:5)
  2 spriggan air magi
  Harold (D:11)
  8 rakshasas
  3 salamander tyrants (Snake:4)
  A hydra (shapeshifter) (Zot:5)
  5 hydras
  6 anacondas
  5 servants of whispers (Desolation)
  12 peacekeepers
  28 vault guards
  16 ice dragons
  10 ironbound frosthearts
  2 ogre magi
  4 hell beasts
  A satyr (shapeshifter) (Zot:5)
  2 alligator snapping turtles
  6 two-headed ogres
  2 death knights
  9 merfolk aquamancers
  2 satyrs
  15 centaur warriors
  6 boulder beetles
  8 naga warriors
  7 deep troll earth magi
  7 death yaks (Lair:5)
  3 deep troll shamans
  4 merfolk avatars
  5 tengu warriors
  14 thrashing horrors (Abyss:3)
  13 shock serpents
  18 dancing weapons
  12 hell hogs
  8 vampire magi
  6 hell knights
  6 spriggan berserkers
  2 orc high priests
  A titan zombie (Vaults:3)
  34 sun demons
  16 naga sharpshooters
  30 soul eaters
  5 skysharks
  10 deep elf knights
  7 wretched stars (Abyss:3)
  A skyshark (shapeshifter) (Zot:5)
  A titan skeleton (Pan)
  9 shadow wraiths
  4 iron trolls
  32 sixfirhies
  11 skeletal warriors
  A cherub (Pan)
  Amaemon (D:8)
  4 salamander mystics
  A spatial maelstrom (Abyss:3)
  43 large abominations
  A swamp dragon (shapeshifter) (Vaults:5)
  4 sea snakes
  A storm dragon skeleton (Depths:1)
  5 flayed ghosts
  12 shadow demons (Pan)
  38 deep trolls
  6 bog bodies (Crypt:3)
  13 glowing orange brains
  2 spriggan simulacra
  15 phantasmal warriors
  7 naga ritualists
  14 wizards
  28 deep elf pyromancers
  7 lindwurms
  A bunyip skeleton (Crypt:2)
  16 harpies
  27 ironbound convokers
  18 orc knights
  22 deep elf zephyrmancers
  12 deep elf archers
  A sphinx zombie (Vaults:4)
  8 necromancers
  A wolf spider (Lair:5)
  An iron dragon zombie (Crypt:1)
  8 mana vipers
  3 orc sorcerers
  16 salamanders
  7 cyclopes
  3 worldbinders (Abyss:3)
  7 fauns
  12 moths of wrath
  2 oklob plants
  32 ugly things
  3 shining eyes
  2 shadow dragon skeletons
  A tengu skeleton (Pan)
  18 manticores
  A guardian serpent (shapeshifter) (D:13)
  5 merfolk sirens
  Joseph (D:9)
  63 black mambas
  3 rust devils (Pan)
  12 water nymphs
  18 vault sentinels
  11 guardian serpents
  2 molten gargoyles (Desolation)
  4 gargoyles
  16 naga magi
  A centaur skeleton (Crypt:1)
  A black mamba (shapeshifter) (D:13)
  28 smoke demons
  A torpor snail (Lair:5)
  11 demonic crawlers
  An eye of devastation (Pan)
  39 starcursed masses (Abyss:3)
  A yaktaur zombie (Vaults:4)
  4 apocalypse crabs
  8 efreet
  A spriggan zombie (Depths:1)
  4 unseen horrors
  33 orange demons
  A torpor snail (shapeshifter) (Vaults:5)
  15 cane toads
  A pale draconian zombie (Crypt:1)
  4 kobold demonologists (D:12)
  2 alligator snapping turtle skeletons
  A rime drake (Lair:2)
  12 komodo dragons
  A tengu conjurer (Depths:2)
  41 yaktaurs
  2 ancient zymes (Abyss:3)
  2 ice devils (Pan)
  10 freezing wraiths
  A mana viper zombie (Crypt:1)
  A green draconian skeleton (Crypt:2)
  4 red devils (Pan)
  5 tormentors (Pan)
  12 trolls
  5 hornets
  A tyrant leech (shapeshifter) (Vaults:5)
  10 wind drakes (Shoals:4)
  27 merfolk
  A tarantella (Vaults:5)
  33 guardian mummies (Crypt:3)
  9 polar bears (Lair:5)
  4 meliai (D:15)
  A polar bear (shapeshifter) (Vaults:5)
  Prince Ribbit (D:5)
  16 hellwings
  A blink frog (shapeshifter) (Depths:2)
  A dream sheep (shapeshifter) (D:15)
  62 saltlings
  A great orb of eyes zombie (Crypt:2)
  16 raiju
  17 snapping turtles
  A tarantella zombie (Crypt:1)
  A stone giant simulacrum (Vaults:4)
  14 blink frogs
  A radroach zombie (Crypt:3)
  9 dream sheep
  A culicivora (shapeshifter) (D:13)
  74 slime creatures
  31 flying skulls
  9 air elementals
  2 spriggans
  3 shadows
  A slime creature (shapeshifter) (Zot:5)
  12 wraiths
  36 yaks
  8 ushabtiu (Crypt:3)
  9 wyverns
  An alligator skeleton (Crypt:3)
  21 water elementals
  21 ynoxinuls
  2 hogs (Lair:3)
  2 basilisks
  3 golden eyes
  A spatial vortex (Abyss:3)
  4 steam dragons
  9 redbacks
  2 fire elementals
  4 vampire mosquitoes (D:13)
  23 chaos spawn
  A redback (shapeshifter) (Depths:1)
  Edmund (D:5)
  19 neqoxecs
  Menkaure (D:7)
  8 small abominations
  7 wargs
  36 nagas
  3 acid dragons
  29 water moccasins
  A faun skeleton (Crypt:1)
  A floating eye (Pan)
  19 hell hounds
  Duvessa (D:5)
  An ogre skeleton (Vaults:3)
  36 orc warriors
  A meliai simulacrum (D:15)
  A merfolk simulacrum (Crypt:1)
  An ettin simulacrum (Vaults:3)
  6 ogres
  13 black bears
  26 wolves
  An elephant skeleton (Crypt:1)
  A wolf (shapeshifter) (Depths:2)
  12 centaurs
  3 phantoms
  A swamp dragon skeleton (Pan)
  A rime drake zombie (Crypt:2)
  A kobold brigand (D:12)
  A komodo dragon zombie (Crypt:1)
  2 human skeletons
  5 necrophages
  16 bullfrogs
  A gnoll sergeant (D:11)
  An elf zombie (Crypt:1)
  2 scorpions
  A yaktaur skeleton (Crypt:1)
  2 earth elementals
  7 wights
  A troll zombie (Crypt:3)
  A warg zombie (Crypt:3)
  Dowan (D:5)
  15 killer bees
  A troll skeleton (D:14)
  3 electric eels
  A howler monkey (D:11)
  8 spriggan skeletons
  3 jellies
  19 orc priests
  3 hounds
  A gnoll bouda (Orc:2)
  An iguana (D:5)
  13 orc wizards
  A centaur simulacrum (D:8)
  3 naga skeletons
  A deep dwarf skeleton (Crypt:1)
  A boggart simulacrum (D:15)
  14 mummies
  2 killer bee simulacra (D:8)
  6 adders
  18 gnolls
  A steam dragon zombie (Crypt:2)
  A shadow imp (D:7)
  5 white imps
  A howler monkey simulacrum (D:8)
  6 ufetubi
  A worm zombie (Crypt:3)
  3 worms
  8 dart slugs
  91 orcs
  3 bats (D:1)
  3 endoplasms
  3 giant cockroaches
  2 gnoll zombies (Ossuary)
  18 goblins
  16 hobgoblins
  6 jackals (D:2)
  4 quokkas
  2 training dummies (D:6)
  11 ball pythons
  6 frilled lizards
  A hobgoblin skeleton (Crypt:2)
  A hobgoblin zombie (Ossuary)
  A jackal skeleton (Crypt:2)
  19 kobolds
  2 kobold zombies (Ossuary)
  3 orc zombies (Ossuary)
  4 rats
  3 starspawn tentacles (Abyss:3)
  4 tentacles (Shoals:2)
3082 creatures vanquished.

Vanquished Creatures (collateral kills)
  A dread lich (Zot:5)
  A storm dragon (Zot:5)
  A draconian knight (Zot:5)
  2 cacodemons (Pan)
  A very ugly thing (Pan)
  A green draconian (Zot:5)
  A red draconian (Zot:5)
  A blizzard demon (Pan)
  A great orb of eyes (Pan)
  2 sixfirhies (Pan)
  2 glowing orange brains (Pan)
  A shining eye (Pan)
  3 orange demons (Pan)
  A hellwing (Pan)
  2 large abominations (Pan)
  2 chaos spawn (Pan)
  5 neqoxecs (Pan)
  A floating eye (Pan)
  A ball lightning (Pan)
  A fire vortex (Pan)
31 creatures vanquished.

Vanquished Creatures (others)
  An eldritch tentacle (Pan)
  A merfolk aquamancer (Shoals:4)
  2 naga warriors (Snake:2)
  A wizard (Vaults:1)
  A deep elf zephyrmancer (Elf:2)
  A deep elf pyromancer (Elf:2)
  A guardian serpent (Snake:4)
  A hellion (Pan)
  A ynoxinul (Pan)
  A water elemental (Shoals:4)
  2 humans (Lair:3)
  A naga (Snake:2)
  A water moccasin (Lair:3)
  A centaur (D:15)
  An orc wizard (Orc:1)
  9 ball lightnings (Pan)
  11 starspawn tentacles (Abyss:3)
  20 tentacles (Shoals:2)
57 creatures vanquished.

Grand Total: 3170 creatures vanquished

Notes
Turn   | Place    | Note
-------+----------+-------------------------------------------
     0 | D:1      | Strat the Gargoyle Gladiator began the quest for the Orb.
     0 | D:1      | Reached XP level 1. HP: 12/12 MP: 1/1
   171 | D:1      | Reached XP level 2. HP: 18/18 MP: 2/2
   487 | D:1      | Reached XP level 3. HP: 18/22 MP: 3/3
   848 | D:2      | Reached XP level 4. HP: 28/28 MP: 4/4
  1243 | D:3      | Found a faded altar of an unknown god.
  1387 | D:3      | Found a shimmering blue altar of Sif Muna.
  1597 | D:3      | Found a sacrificial altar of Ru.
  1844 | D:3      | Reached skill level 5 in Maces & Flails
  1902 | D:3      | Noticed an ogre
  2126 | D:3      | Killed an ogre
  2127 | D:3      | Reached XP level 5. HP: 14/32 MP: 5/5
  2365 | D:4      | Identified a scroll of acquirement
  2365 | D:4      | Acquired the +10 great mace "Jaid" {drain, rPois rF++}
  2413 | D:4      | Reached XP level 6. HP: 36/37 MP: 6/6
  3015 | D:5      | Entered Level 5 of the Dungeon
  3019 | D:5      | Noticed a black bear
  3021 | D:5      | Reached XP level 7. HP: 31/43 MP: 7/7
  3099 | D:5      | Noticed Edmund
  3112 | D:5      | Killed Edmund
  3164 | D:5      | Found a glowing silver altar of Zin.
  3208 | D:5      | Noticed Prince Ribbit
  3217 | D:5      | Killed Prince Ribbit
  3218 | D:5      | Reached skill level 5 in Fighting
  3218 | D:5      | Reached XP level 8. HP: 39/49 MP: 8/8
  3233 | D:5      | Found a sand-covered staircase.
  3252 | Ossuary  | Entered an ossuary
  3833 | D:5      | Noticed Dowan
  3846 | D:5      | Killed Dowan
  3962 | D:5      | Found a staircase to the Ecumenical Temple.
  3992 | Temple   | Entered the Ecumenical Temple
  4279 | D:5      | Noticed Duvessa
  4284 | D:5      | Killed Duvessa
  4285 | D:5      | Reached skill level 10 in Maces & Flails
  4405 | D:6      | Reached skill level 1 in Armour
  4422 | D:6      | Noticed a yak
  4441 | D:6      | Noticed a yak
  4441 | D:6      | Noticed a yak
  4441 | D:6      | Noticed a yak
  4444 | D:6      | Killed a yak
  4445 | D:6      | Reached XP level 9. HP: 41/55 MP: 9/9
  4801 | D:6      | Found an ancient bone altar of Kikubaaqudgha.
  4919 | D:6      | Found a white marble altar of Elyvilon.
  4924 | D:6      | Became a worshipper of Elyvilon the Healer
  4926 | D:6      | Acquired 535 gold pieces
  5235 | D:7      | Found a snail-covered altar of Cheibriados.
  5325 | D:7      | Reached skill level 5 in Armour
  5448 | D:7      | Reached XP level 10. HP: 58/63 MP: 10/10
  5723 | D:7      | Noticed Menkaure
  5748 | D:7      | Killed Menkaure
  5986 | D:7      | Reached * piety under Elyvilon
  6268 | D:8      | Identified the +3 leather armour of Muofugem {Int+3}
  6271 | D:8      | Found an ornate altar of the Wu Jian Council.
  6566 | D:8      | Found a radiant altar of Vehumet.
  6633 | D:8      | Noticed a two-headed ogre
  6646 | D:8      | Killed a two-headed ogre
  7065 | D:8      | Noticed Amaemon
  7100 | D:8      | Noticed an orange demon
  7112 | D:8      | Killed Amaemon
  7119 | D:8      | Killed an orange demon
  7513 | D:9      | Reached ** piety under Elyvilon
  7521 | D:9      | Noticed Joseph
  7546 | D:9      | Killed Joseph
  7679 | D:9      | Reached XP level 11. HP: 52/71 MP: 11/11
  7839 | D:9      | Noticed Erolcha
  7854 | D:9      | Noticed a two-headed ogre
  7936 | D:9      | Killed a two-headed ogre
  8214 | D:9      | Found a flagged portal.
  8231 | Bailey   | Entered a bailey
  8247 | Bailey   | Noticed an orc knight
  8265 | Bailey   | Noticed an orc knight
  8312 | Bailey   | Reached skill level 10 in Fighting
  8380 | Bailey   | Identified the +0 chain mail of Qink {rF+ Dex+3}
  8423 | Bailey   | Killed an orc knight
  8511 | Bailey   | Killed an orc knight
  8984 | D:10     | Entered Level 10 of the Dungeon
  8984 | D:10     | Reached *** piety under Elyvilon
  9424 | D:10     | Noticed an oklob plant
  9427 | D:10     | Found a staircase to the Lair.
  9641 | D:10     | Reached skill level 1 in Invocations
  9753 | D:10     | Found an opulent altar of Gozag.
  9806 | D:10     | Found a glowing golden altar of the Shining One.
  9944 | D:10     | Reached **** piety under Elyvilon
 10018 | D:10     | Noticed a centaur warrior
 10200 | D:10     | Killed a centaur warrior
 10407 | D:10     | Killed an oklob plant
 10570 | Lair:1   | Entered Level 1 of the Lair of Beasts
 10780 | D:10     | Reached skill level 10 in Armour
 11107 | Lair:1   | Elyvilon protects you from harm!
 11333 | Lair:1   | Reached XP level 12. HP: 72/77 MP: 15/15
 11979 | Lair:1   | Reached skill level 5 in Invocations
 12939 | Lair:2   | Reached ***** piety under Elyvilon
 13217 | Lair:2   | Found a staircase to the Snake Pit.
 13351 | Lair:2   | Found a staircase to the Shoals.
 13832 | Lair:3   | Noticed Gastronok
 13839 | Lair:3   | Noticed Kirke
 14091 | Lair:3   | Noticed a sphinx
 14097 | Lair:3   | Noticed a sphinx
 14101 | Lair:3   | Paralysed by a sphinx for 2 turns
 14103 | Lair:3   | Killed Kirke
 14346 | Lair:3   | Reached XP level 13. HP: 66/86 MP: 19/19
 14769 | Lair:3   | Identified the +1 hat of Ru's Vengeance {Fly rPois Str+5}
 14771 | Lair:3   | Noticed Josephine
 14921 | Lair:3   | Killed Gastronok
 15759 | Lair:4   | Reached skill level 10 in Invocations
 15929 | Lair:4   | Found a radiant altar of Vehumet.
 16032 | Lair:4   | Reached ****** piety under Elyvilon
 16171 | Lair:5   | Entered Level 5 of the Lair of Beasts
 16746 | Lair:5   | Acquired a +1 buckler of fire resistance
 16855 | Lair:5   | Reached skill level 1 in Shields
 16895 | Lair:5   | Reached skill level 15 in Maces & Flails
 17190 | Lair:5   | Gained mutation: Your large and strong wings let you fly.
                  | [Gargoyle growth]
 17190 | Lair:5   | Reached XP level 14. HP: 90/94 MP: 22/22
 17286 | Lair:5   | Found a staircase to the Slime Pits.
 17526 | Lair:5   | Reached skill level 5 in Shields
 18741 | D:11     | Found a staircase to the Orcish Mines.
 19473 | D:11     | Identified the +1 war axe "Wushresch" {holy, rCorr}
 19585 | D:12     | Found Neunubul's Antique Armour Emporium.
 19621 | D:12     | Found Tuovvo's Armour Emporium.
 19645 | D:12     | Bought a +2 helmet of intelligence for 258 gold pieces
 19645 | D:12     | Bought a +0 pair of gloves of hurling for 138 gold pieces
 19716 | D:12     | Found Vistrul's Assorted Antiques.
 19722 | D:12     | Bought a potion of curing for 87 gold pieces
 19880 | D:12     | Found Siass's Distillery.
 19884 | D:12     | Bought a potion of curing for 33 gold pieces
 19884 | D:12     | Bought a potion of haste for 110 gold pieces
 20311 | Abyss:3  | Found a corrupted altar of Lugonu.
 20311 | Abyss:3  | Cast into level 3 of the Abyss (a wizard)
 20317 | D:12     | Escaped the Abyss
 20379 | D:12     | Reached XP level 15. HP: 73/101 MP: 25/25
 20928 | D:13     | Reached skill level 15 in Fighting
 21303 | D:13     | Found a radiant altar of Vehumet.
 21428 | D:13     | Found a gate to the Vaults.
 21537 | D:14     | Noticed Roxanne
 21819 | D:14     | Reached skill level 15 in Invocations
 22665 | Orc:1    | Entered Level 1 of the Orcish Mines
 22665 | Orc:1    | Noticed Harold
 22665 | Orc:1    | Noticed an orc warlord
 22721 | D:11     | Killed an orc warlord
 22828 | D:11     | Killed Harold
 23244 | Orc:2    | Entered Level 2 of the Orcish Mines
 23419 | Orc:1    | Found Qumpow's Vocational Training.
 23814 | Orc:2    | Found a staircase to the Elven Halls.
 24674 | Orc:2    | Found Gaohepor's Antique Weapon Shop.
 24752 | Orc:2    | Found Vouch's Book Boutique.
 24761 | Orc:2    | Found Ogod's Weapon Boutique.
 24786 | Orc:2    | Found Suhyel's Book Emporium.
 24883 | Orc:1    | Bought a manual of Invocations for 1120 gold pieces
 24883 | Orc:1    | Bought a manual of Evocations for 1120 gold pieces
 25081 | D:15     | Entered Level 15 of the Dungeon
 25147 | D:15     | Reached XP level 16. HP: 102/113 MP: 27/27
 25483 | D:15     | Found a staircase to the Depths.
 25774 | D:15     | Found a portal to a secret trove of treasure.
 26389 | Snake:1  | Entered Level 1 of the Snake Pit
 26611 | Snake:1  | You are sucked into a shaft and drop 1 floor!
 26731 | Snake:2  | Noticed Nikola
 26781 | Snake:2  | Killed Nikola
 26984 | Snake:2  | Reached skill level 5 in Throwing
 28069 | Snake:1  | Noticed a nagaraja
 28089 | Snake:1  | Killed a nagaraja
 28186 | Snake:1  | Found Etoy's Assorted Antiques.
 28188 | Snake:1  | Found Qestrab's Magic Scroll Boutique.
 28204 | Snake:1  | Found Isked's Magic Scroll Shop.
 28209 | Snake:1  | Bought a scroll of teleportation for 84 gold pieces
 28209 | Snake:1  | Bought a scroll of blinking for 210 gold pieces
 28213 | Snake:1  | Bought a scroll of enchant armour for 97 gold pieces
 28213 | Snake:1  | Bought a scroll of magic mapping for 97 gold pieces
 28468 | Snake:1  | Reached XP level 17. HP: 103/120 MP: 29/29
 29684 | Snake:3  | Found a runed translucent door.
 29684 | Snake:3  | Noticed Akuuror's ghost (adept GrFi)
 30423 | Snake:4  | Entered Level 4 of the Snake Pit
 31728 | Snake:4  | Noticed Aizul
 31761 | Snake:4  | Killed Aizul
 31762 | Snake:4  | Reached skill level 10 in Shields
 32144 | Snake:4  | Reached XP level 18. HP: 122/125 MP: 32/32
 32443 | Snake:4  | Noticed a quicksilver dragon
 32443 | Snake:4  | Noticed a quicksilver dragon
 32454 | Snake:4  | Pacified a quicksilver dragon
 32465 | Snake:4  | Killed a quicksilver dragon
 32482 | Snake:4  | Got a serpentine rune of Zot
 32677 | Shoals:1 | Entered Level 1 of the Shoals
 33162 | Shoals:1 | You are sucked into a shaft and drop 1 floor!
 33878 | Shoals:1 | Reached skill level 10 in Throwing
 33895 | Shoals:1 | Identified the +1 shortbow of the Iron City of Dis {flame,
                  | rN+ Int-3 Dex+3 SInv}
 33897 | Shoals:1 | Identified the staff of air "Hykunov" {rElec Will+ Int+3}
 34003 | Shoals:2 | Found a runed translucent door.
 34097 | Shoals:2 | Found a corrupted altar of Lugonu.
 34156 | Shoals:2 | Found a one-way gate to the infinite horrors of the Abyss.
 34256 | Shoals:2 | Identified the staff of death "Noddezag" {*Slow rElec rN+
                  | Will- Str+8}
 35821 | Shoals:4 | Entered Level 4 of the Shoals
 35916 | Shoals:4 | Reached skill level 1 in Evocations
 36365 | Shoals:4 | Reached XP level 19. HP: 129/130 MP: 33/33
 36556 | Shoals:4 | Identified the +6 rapier of the Penguin {freeze, rN+ Int+3
                  | Stlth+}
 36569 | Shoals:4 | Identified the +0 leather armour "Yroyrph" {rPois rF+ Str+3
                  | Int-4}
 36680 | Shoals:4 | Got a barnacled rune of Zot
 36854 | Shoals:4 | Reached skill level 5 in Evocations
 36862 | Shoals:4 | Paralysed by an air elemental for 1 turns
 36866 | Shoals:4 | Paralysed by an air elemental for 1 turns
 36871 | Shoals:4 | Paralysed by an air elemental for 1 turns
 37389 | Shoals:4 | Identified the +2 robe of Arcadian Leaves {rF+}
 37706 | Vaults:1 | Entered Level 1 of the Vaults
 37839 | Vaults:1 | Noticed Asterion
 37887 | Vaults:1 | Killed Asterion
 38492 | Abyss:3  | Cast into level 3 of the Abyss (a wizard)
 38579 | Abyss:3  | Reached skill level 10 in Evocations
 38632 | Abyss:3  | Gained mutation: You are weak. (Str -2) [a cacodemon]
 38932 | Abyss:3  | Gained mutation: You are occasionally teleported next to
                  | monsters. [a neqoxec]
 38938 | Abyss:3  | Paralysed by accursed screaming for 1 turns
 38990 | Vaults:1 | Escaped the Abyss
 39032 | Vaults:1 | Lost mutation: You are occasionally teleported next to
                  | monsters. [potion of mutation]
 39032 | Vaults:1 | Lost mutation: You are weak. (Str -2) [potion of mutation]
 39032 | Vaults:1 | Gained mutation: You passively dampen the noise of your
                  | surroundings. [potion of mutation]
 39032 | Vaults:1 | Gained mutation: You have a pair of small antennae on your
                  | head. [potion of mutation]
 39032 | Vaults:1 | Gained mutation: You have large cloven feet. [potion of
                  | mutation]
 39328 | Vaults:1 | Reached XP level 20. HP: 137/137 MP: 35/35
 40063 | Vaults:2 | Found a staircase to the Crypt.
 40063 | Vaults:2 | Found an ancient bone altar of Kikubaaqudgha.
 40064 | Vaults:2 | Found a basalt altar of Yredelemnul.
 40502 | D:10     | Fell from the grace of Elyvilon
 40502 | D:10     | Became a worshipper of the Shining One
 40502 | D:10     | Reached * piety under the Shining One
 40502 | D:10     | Reached ** piety under the Shining One
 40502 | D:10     | Reached *** piety under the Shining One
 40771 | Vaults:2 | You are sucked into a shaft and drop 1 floor!
 40866 | Vaults:3 | Reached **** piety under the Shining One
 41125 | Vaults:3 | Found Hutzyen's Jewellery Emporium.
 41265 | Vaults:3 | Noticed Margery
 41344 | Vaults:3 | Killed Margery
 41752 | Vaults:3 | Reached ***** piety under the Shining One
 42425 | Vaults:3 | Found a runed translucent gate.
 42425 | Vaults:3 | Found a runed translucent gate.
 42425 | Vaults:3 | Found a runed translucent gate.
 42432 | Vaults:3 | Noticed theMacoje's ghost (adept OgEn)
 43066 | Vaults:2 | Paralysed by a sphinx for 3 turns
 43729 | Vaults:2 | Reached XP level 21. HP: 46/147 MP: 36/36
 44632 | Vaults:2 | Found Eloisuz's General Store.
 44690 | Vaults:2 | Bought a potion of resistance for 190 gold pieces
 44825 | Crypt:1  | Entered Level 1 of the Crypt
 45076 | Crypt:1  | Reached skill level 15 in Armour
 45084 | Crypt:1  | Noticed Mennas
 45120 | Crypt:1  | Killed Mennas
 45243 | Crypt:1  | Reached ****** piety under the Shining One
 45376 | Vaults:1 | Identified a +3 sacred scourge of holy wrath (a +1 demon
                  | whip of venom blessed by the Shining One)
 45376 | Vaults:1 | Received a gift from the Shining One
 45923 | Crypt:1  | Noticed Zenata
 45975 | Crypt:1  | Killed Zenata
 46534 | Crypt:2  | Paralysed by a vampire knight for 2 turns
 47003 | Crypt:3  | Entered Level 3 of the Crypt
 47289 | Crypt:3  | Found a staircase to the Tomb.
 47321 | Tomb:1   | Entered Level 1 of the Tomb of the Ancients
 47347 | Crypt:3  | Reached XP level 22. HP: 158/158 MP: 37/37
 48235 | Crypt:3  | Identified the +1 robe of the Worm {*Slow rElec rPois
                  | rC+++}
 48590 | Crypt:3  | Reached XP level 23. HP: 164/164 MP: 38/38
 48591 | Crypt:3  | Reached XP level 24. HP: 171/171 MP: 38/38
 49698 | Vaults:4 | Found a crumbling gateway.
 49745 | Vaults:4 | Found a white marble altar of Elyvilon.
 49745 | Vaults:4 | Found a glowing golden altar of the Shining One.
 49747 | Vaults:4 | Found a glowing silver altar of Zin.
 49752 | Desolati | Entered the Desolation of Salt
 49970 | Desolati | Identified the +7 glaive of Feesec {chaos, rElec rF++
                  | Will+}
 49987 | Desolati | Identified the amulet "Tizxusa" {RegenMP rN+ Str-2 Int+7
                  | Dex+4}
 50104 | Desolati | Identified the +2 rapier of the Disturbing Lovers {freeze,
                  | rElec rC+ SInv}
 50139 | Desolati | Identified the +0 plate armour of Precision Catastrophes
                  | {rElec rCorr}
 50466 | Desolati | Identified the +0 robe "Unnenger" {Int+4}
 50467 | Desolati | Identified the ring "Tulul" {Fly rN+ Int+3}
 50617 | Desolati | Found the +5 Storm Queen's Shield {shock, Fly rElec}
 50648 | Desolati | Identified the ring of the Clam {Str+6 Int+5}
 50651 | Desolati | Got Songuirgh's Atlas of the Compass
 50652 | Desolati | Identified the +0 leather armour "Juecebb" {*Slow rC+ rN+}
 50654 | Desolati | Identified the ring "Esuwoatz" {Int+2 SInv Stlth+}
 51569 | Vaults:4 | Identified the +1 ring mail of Circular Logic {+Inv Str+4
                  | Int-4 Dex+8}
 51730 | Vaults:4 | Noticed Boris
 51744 | Vaults:4 | Killed Boris
 51836 | Vaults:4 | Found a gateway to a bazaar.
 51842 | Bazaar   | Entered a bazaar
 51860 | Bazaar   | Found Mojaewkofyoh's Antique Weapon Shop.
 51873 | Bazaar   | Found Zaankofi's Jewellery Boutique.
 51873 | Bazaar   | Found Mipos's Weapon Shop.
 51899 | Bazaar   | Found Satzatt's Distillery.
 51905 | Bazaar   | Bought a potion of curing for 39 gold pieces
 51905 | Bazaar   | Bought a potion of curing for 39 gold pieces
 51905 | Bazaar   | Bought a potion of curing for 39 gold pieces
 51905 | Bazaar   | Bought a potion of might for 52 gold pieces
 51955 | Vaults:4 | Acquired 1084 gold pieces
 52141 | Vaults:4 | Identified the +6 chain mail "Rug Nekh" {Will+ Str+2 Slay+3
                  | SInv}
 52201 | Vaults:4 | Reached XP level 25. HP: 157/180 MP: 38/38
 52662 | Elf:1    | Entered Level 1 of the Elven Halls
 52838 | Elf:1    | Found a flickering gateway to a bazaar.
 52847 | Bazaar   | Entered a bazaar
 52847 | Bazaar   | Found Natoqif's Weapon Boutique.
 52847 | Bazaar   | Found Epillon's Armour Shop.
 52847 | Bazaar   | Found Beurovoi's Weapon Shop.
 53079 | Elf:1    | Noticed Frances
 53092 | Elf:1    | Killed Frances
 53292 | Elf:1    | Identified the ring "Syism" {Fly Dex+2}
 53406 | Elf:1    | Found Mylenon's Distillery.
 53409 | Elf:1    | Bought a potion of heal wounds for 65 gold pieces
 53409 | Elf:1    | Bought a potion of might for 52 gold pieces
 53409 | Elf:1    | Bought a potion of curing for 39 gold pieces
 53409 | Elf:1    | Bought a potion of cancellation for 104 gold pieces
 53673 | Elf:1    | Noticed Louise
 53698 | Elf:1    | Killed Louise
 53718 | Elf:1    | Got the Atlas of Gathered Bruises
 54084 | Elf:2    | Paralysed by an air elemental for 1 turns
 54096 | Elf:2    | Paralysed by an air elemental for 1 turns
 54101 | Elf:2    | Paralysed by an air elemental for 1 turns
 54172 | Elf:2    | Found a runed translucent gate.
 54173 | Elf:2    | Found a runed translucent gate.
 54173 | Elf:2    | Found a runed translucent gate.
 54559 | Elf:3    | Entered Level 3 of the Elven Halls
 54653 | Elf:3    | Acquired 431 gold pieces
 55163 | Elf:3    | Identified the ring "Qampaeni" {rF+ rN+}
 55263 | Elf:3    | Identified the staff of fire "Bohean" {rF+ Will+ rCorr
                  | SInv}
 55533 | Elf:3    | Identified the +11 sling of Ruaschumi {drain, rN+}
 55549 | Elf:3    | Identified the ring of Greed {rC+ Str-3 Int+3 Dex+8}
 55600 | Elf:3    | Got the Tome of Production and Impurities
 55646 | Elf:3    | Identified the staff of poison "Neamm" {rPois rF- rCorr
                  | Dex+9}
 55705 | Elf:3    | Identified the +3 scale mail of the Harvest Moon {Harm
                  | Int+3}
 55735 | Elf:3    | Got the Lessons on Igneous Companions
 55743 | Elf:3    | Identified the staff of earth "Iqoiduub" {rN+ Str-3 Int+6}
 56283 | Vaults:5 | Entered Level 5 of the Vaults
 56552 | Vaults:5 | Reached XP level 26. HP: 179/191 MP: 39/39
 57384 | Vaults:5 | Identified the +2 morningstar "Jal Haant" {heavy, rElec rN+
                  | Dex+4 SInv}
 57398 | Vaults:5 | Got Ontugubyamp's Lectures on Overhead Mortification
 57413 | Vaults:5 | Got a silver rune of Zot
 57755 | Vaults:5 | Reached skill level 27 in Fighting
 57946 | Vaults:5 | Noticed a dread lich
 57953 | Vaults:5 | Killed a dread lich
 58010 | Vaults:5 | Found the +3 robe of Clouds {*Thunder rCloud rElec}
 58560 | Depths:1 | Entered Level 1 of the Depths
 58650 | Depths:1 | Identified the +1 robe of Vuzaam {rF+++ Int-3 Dex-2
                  | Archmagi}
 58684 | Depths:1 | Noticed Boris
 58698 | Depths:1 | Killed Boris
 58857 | Depths:1 | Found a gateway to Hell.
 58991 | Depths:1 | Noticed Bai Suzhen
 59002 | Depths:1 | Killed Bai Suzhen
 59038 | Depths:1 | Found a broken altar of Ashenzari.
 59290 | Depths:1 | Reached skill level 27 in Invocations
 59320 | Depths:1 | Noticed Mara
 59328 | Depths:1 | Killed Mara
 59570 | Depths:1 | Acquired a +2 hat of willpower
 60102 | Depths:2 | Found a one-way gate leading to the halls of Pandemonium.
 60165 | Depths:2 | Identified the +6 war axe of the Other Side {flame, Int+2
                  | SInv}
 60185 | Depths:2 | Reached XP level 27. HP: 140/199 MP: 40/40
 60596 | Depths:2 | Identified the +2 chain mail of Ceiras {rCorr Dex+3}
 60795 | Depths:2 | Learned a level 1 spell: Apportation
 60798 | Depths:2 | Learned a level 2 spell: Blink
 61754 | Depths:3 | Noticed a juggernaut
 61771 | Depths:3 | Killed a juggernaut
 62406 | Depths:3 | Found a shadowy altar of Dithmenos.
 62600 | Depths:3 | Found a one-way gateway to a ziggurat.
 62775 | Depths:3 | Found Oveohaef's Armour Boutique.
 62787 | Depths:3 | Found Vaefe's Jewellery Shop.
 62788 | Depths:3 | Found Joeg's Book Shoppe.
 62788 | Depths:3 | Found Faurekar's General Store.
 62793 | Depths:3 | Found Qeycioma's Book Boutique.
 62793 | Depths:3 | Found Udasej's Distillery.
 62806 | Depths:3 | Bought 2 potions of haste for 440 gold pieces
 62806 | Depths:3 | Bought a potion of haste for 220 gold pieces
 62806 | Depths:3 | Bought a potion of heal wounds for 110 gold pieces
 62806 | Depths:3 | Bought a potion of curing for 66 gold pieces
 62806 | Depths:3 | Bought a potion of curing for 66 gold pieces
 63117 | Depths:3 | Found Manadaes's Assorted Antiques.
 63117 | Depths:3 | Found Joppeeng's Assorted Antiques.
 63117 | Depths:3 | Found Puewk's Antique Weapon Emporium.
 63117 | Depths:3 | Found Olenot's Assorted Antiques.
 63222 | Depths:3 | Bought a potion of curing for 114 gold pieces
 63222 | Depths:3 | Bought a scroll of enchant armour for 285 gold pieces
 63222 | Depths:3 | Bought a scroll of enchant armour for 285 gold pieces
 63232 | Depths:3 | Identified the -1 pair of gloves of Baecla {+Blink rN+
                  | Slay+3}
 63250 | Depths:3 | Bought a wand of digging (4) for 756 gold pieces
 63400 | Depths:4 | Entered Level 4 of the Depths
 63400 | Depths:4 | Noticed Frederick
 63437 | Depths:3 | Killed Frederick
 63492 | Depths:4 | Found Empixzys's Gadget Gallery.
 64457 | Depths:4 | Found a gate to the Realm of Zot.
 64633 | Depths:3 | Voluntarily entered the Abyss.
 64946 | Abyss:3  | Found a corrupted altar of Lugonu.
 64948 | Abyss:3  | Found a corrupted altar of Lugonu.
 64948 | Abyss:3  | Found a corrupted altar of Lugonu.
 65093 | Abyss:3  | Reached skill level 15 in Evocations
 65181 | Abyss:3  | Found a corrupted altar of Lugonu.
 65252 | Abyss:3  | Found a corrupted altar of Lugonu.
 65323 | Abyss:3  | Paralysed by accursed screaming for 1 turns
 65337 | Abyss:3  | Paralysed by accursed screaming for 1 turns
 65342 | Abyss:3  | Got an abyssal rune of Zot
 65536 | Abyss:3  | Paralysed by an air elemental for 1 turns
 65569 | Abyss:3  | Found a corrupted altar of Lugonu.
 65588 | Depths:3 | Escaped the Abyss
 65633 | Depths:3 | Bought the amulet of Owysm {Acrobat Regen+ Int+3} for 995
                  | gold pieces
 65647 | Depths:3 | Bought a ring of resist corrosion for 460 gold pieces
 65971 | Slime:1  | Entered Level 1 of the Pits of Slime
 66256 | D:15     | You paid a toll of 18 potions of curing to enter a treasure
                  | trove
 66257 | Trove    | Entered a treasure trove
 66262 | Trove    | Found the -2 hat of the Alchemist {rElec rPois rF+ rC+ rN+
                  | Will+ rMut rCorr}
 66281 | Trove    | Identified the +5 plate armour of Loss {Will+ Int+5}
 66647 | Slime:3  | Paralysed by a great orb of eyes for 5 turns
 66703 | Slime:3  | Gained mutation: You are clumsy. (Dex -2) [a shining eye]
 66812 | Slime:5  | Entered Level 5 of the Pits of Slime
 66854 | Slime:5  | Gained mutation: Your magical capacity is low. (-10% MP) [a
                  | shining eye]
 66855 | Slime:5  | Gained mutation: You sometimes lose your temper in combat.
                  | [a shining eye]
 66876 | Slime:5  | Lost mutation: You have large cloven feet. [potion of
                  | mutation]
 66876 | Slime:5  | Lost mutation: You are clumsy. (Dex -2) [potion of
                  | mutation]
 66876 | Slime:5  | Gained mutation: You occasionally shout uncontrollably at
                  | your foes. [potion of mutation]
 66876 | Slime:5  | Gained mutation: You are covered in fur. (AC +1) [potion of
                  | mutation]
 66876 | Slime:5  | Gained mutation: You are agile. (Dex +4, Str/Int -1)
                  | [potion of mutation]
 66877 | Slime:5  | Lost mutation: You have a pair of small antennae on your
                  | head. [potion of mutation]
 66877 | Slime:5  | Lost mutation: You sometimes lose your temper in combat.
                  | [potion of mutation]
 66877 | Slime:5  | Gained mutation: You have hidden genetic potential. [potion
                  | of mutation]
 66877 | Slime:5  | Gained mutation: You have large cloven feet. [potion of
                  | mutation]
 66877 | Slime:5  | Gained mutation: You frequently scream uncontrollably at
                  | your foes. [potion of mutation]
 66877 | Slime:5  | Gained mutation: You have a pair of small horns on your
                  | head. [potion of mutation]
 66878 | Slime:5  | Lost mutation: You frequently scream uncontrollably at your
                  | foes. [potion of mutation]
 66878 | Slime:5  | Lost mutation: You occasionally shout uncontrollably at
                  | your foes. [potion of mutation]
 66878 | Slime:5  | Gained mutation: You expend magic power (3 MP) to
                  | strengthen your wands. [potion of mutation]
 66878 | Slime:5  | Gained mutation: Your flesh is cold resistant. (rC+)
                  | [potion of mutation]
 66878 | Slime:5  | Gained mutation: You are partially covered in iridescent
                  | scales. (AC +2) [potion of mutation]
 66942 | Slime:5  | Found a viscous altar of Jiyva.
 66966 | Slime:5  | Noticed the Royal Jelly
 66981 | Slime:5  | Killed the Royal Jelly
 66995 | Slime:5  | Gained mutation: You are dopey. (Int -2) [a shining eye]
 67077 | Slime:5  | Got the Elucidation of Vexing Conjury
 67083 | Slime:5  | Got a slimy rune of Zot
 67110 | Slime:5  | Identified the ring "Fatyud" {Fly rF+ rN+ Stlth+}
 67113 | Slime:5  | Got the Tome of Loathsome Obstruction
 67119 | Slime:5  | Identified the +5 trident of Purpose {drain, Str+5}
 67143 | Slime:5  | Got the Vademecum on the Xenotype
 67149 | Slime:5  | Identified the +3 mace of Gozag's Regard {flame, Str+2
                  | Int+2}
 67570 | Zot:1    | Entered Level 1 of the Realm of Zot
 67590 | Zot:1    | Paralysed by a Zot trap for 5 turns
 68338 | Zot:5    | Entered Level 5 of the Realm of Zot
 68344 | Zot:5    | Found a huge runed gate.
 68344 | Zot:5    | Found a huge runed gate.
 68344 | Zot:5    | Found a huge runed gate.
 68344 | Zot:5    | Found a huge runed gate.
 68344 | Zot:5    | Found a huge runed gate.
 68344 | Zot:5    | Found a huge runed gate.
 68346 | Zot:5    | Found a huge runed gate.
 68346 | Zot:5    | Found a huge runed gate.
 68347 | Zot:5    | Found a huge runed gate.
 68347 | Zot:5    | Found a huge runed gate.
 68510 | Zot:5    | Found a huge runed gate.
 68511 | Zot:5    | Found a huge runed gate.
 68749 | Zot:5    | Found a huge runed gate.
 68749 | Zot:5    | Found a huge runed gate.
 68749 | Zot:5    | Found a huge runed gate.
 68749 | Zot:5    | Found a huge runed gate.
 68749 | Zot:5    | Found a huge runed gate.
 68750 | Zot:5    | Found a huge runed gate.
 68751 | Zot:5    | Found a huge runed gate.
 68752 | Zot:5    | Found a huge runed gate.
 68753 | Zot:5    | Found a huge runed gate.
 68761 | Zot:5    | Found a huge runed gate.
 68761 | Zot:5    | Found a huge runed gate.
 68761 | Zot:5    | Found a huge runed gate.
 68761 | Zot:5    | Found a huge runed gate.
 68761 | Zot:5    | Found a huge runed gate.
 68761 | Zot:5    | Found a huge runed gate.
 68761 | Zot:5    | Found a huge runed gate.
 68762 | Zot:5    | Found a huge runed gate.
 68763 | Zot:5    | Found a huge runed gate.
 68957 | Zot:5    | Identified the +3 chain mail of Disappointment {Dex+3}
 69317 | Pan      | Entered Pandemonium
 69830 | Pan      | Gained mutation: Your magical capacity is very low. (-20%
                  | MP) [a neqoxec]
 69995 | Pan      | Noticed Kuggu the pandemonium lord
 70247 | Pan      | Killed Kuggu the pandemonium lord
 70468 | Pan      | Got a demonic rune of Zot
 70658 | Pan      | Noticed Teulitya the pandemonium lord
 70680 | Pan      | Killed Teulitya the pandemonium lord
 70852 | Pan      | Found a transporter.
 71281 | Pan      | Noticed Ylusmeb the pandemonium lord
 71286 | Pan      | Gained mutation: You are vulnerable to heat. (rF-) [a
                  | neqoxec]
 71293 | Pan      | Gained mutation: Armour fits poorly on your strangely
                  | shaped body. [a neqoxec]
 71298 | Pan      | Killed Ylusmeb the pandemonium lord
 71481 | Pan      | Lost mutation: You expend magic power (3 MP) to strengthen
                  | your wands. [potion of mutation]
 71481 | Pan      | Lost mutation: Your flesh is cold resistant. (rC+) [potion
                  | of mutation]
 71481 | Pan      | Lost mutation: Your magical capacity is very low. (-20% MP)
                  | [potion of mutation]
 71481 | Pan      | Lost mutation: You are dopey. (Int -2) [potion of mutation]
 71481 | Pan      | Lost mutation: You are covered in fur. (AC +1) [potion of
                  | mutation]
 71482 | Pan      | Lost mutation: Armour fits poorly on your strangely shaped
                  | body. [potion of mutation]
 71482 | Pan      | Lost mutation: You are agile. (Dex +4, Str/Int -1) [potion
                  | of mutation]
 71482 | Pan      | Lost mutation: You passively dampen the noise of your
                  | surroundings. [potion of mutation]
 71482 | Pan      | Gained mutation: You are frail. (-10% HP) [potion of
                  | mutation]
 71482 | Pan      | Gained mutation: You possess an exceptional clarity of
                  | mind. [potion of mutation]
 71483 | Pan      | Lost mutation: You are partially covered in iridescent
                  | scales. (AC +2) [potion of mutation]
 71483 | Pan      | Lost mutation: You have large cloven feet. [potion of
                  | mutation]
 71483 | Pan      | Gained mutation: You have very sharp teeth. [potion of
                  | mutation]
 71483 | Pan      | Lost mutation: You have hidden genetic potential. [potion
                  | of mutation]
 71483 | Pan      | Gained mutation: Your natural rate of healing is unusually
                  | fast. [potion of mutation]
 71524 | Pan      | Identified the +0 robe "Feebriv" {rPois Int+3}
 71829 | Pan      | Entered the realm of Gloorx Vloq.
 71863 | Pan      | Found an exit through the horrors of the Abyss.
 72229 | Pan      | Acquired the +0 pair of gloves of Xiphou {MP-9 Dex+6
                  | Slay+5}
 72766 | Pan      | Noticed Gloorx Vloq
 72777 | Pan      | Killed Gloorx Vloq
 72797 | Pan      | Got a dark rune of Zot
 72883 | Pan      | Entered the realm of Mnoleg.
 73111 | Pan      | Noticed Mnoleg
 73124 | Pan      | Paralysed by a great orb of eyes for 2 turns
 73138 | Pan      | Killed Mnoleg
 73139 | Pan      | Reached skill level 27 in Armour
 73164 | Pan      | Paralysed by a floating eye for 4 turns
 73336 | Pan      | Paralysed by a floating eye for 4 turns
 73635 | Pan      | Got a glowing rune of Zot
 73859 | Pan      | Noticed Vozua the pandemonium lord
 73867 | Pan      | Killed Vozua the pandemonium lord
 73902 | Pan      | Found an exit through the horrors of the Abyss.
 74155 | Pan      | Found a white marble altar of Elyvilon.
 74814 | Pan      | Identified the +2 robe of Ostroaw {*Slow Str+3 Dex+7}
 74868 | Pan      | Entered the realm of Cerebov.
 74918 | Pan      | Identified the +0 plate armour of Free Will {rC+ Dex+3}
 75137 | Pan      | Identified the +10 quarterstaff "Olopsup" {flame, Str+3}
 75161 | Pan      | Identified the +6 arbalest "Emaeride" {freeze, rF+}
 75199 | Pan      | Got the Commentary on Calescent Contaminants
 75494 | Pan      | Found the +6 sword of Cerebov {flame}
 75494 | Pan      | Noticed Cerebov
 75521 | Pan      | Killed Cerebov
 75600 | Pan      | Got a fiery rune of Zot
 75657 | Pan      | Entered the realm of Lom Lobon.
 75679 | Pan      | Identified the +0 tower shield "Luyzuelo" {Int+2}
 75863 | Pan      | Noticed Lom Lobon
 75891 | Pan      | Killed Lom Lobon
 75910 | Pan      | Got a magical rune of Zot
 76137 | Pan      | Found an exit through the horrors of the Abyss.
 76144 | Pan      | Identified the +0 bardiche of the Goat {heavy, rCorr MP+9
                  | Str-2 Int+5}
 76555 | Pan      | Found an exit through the horrors of the Abyss.
 76598 | Pan      | Found an exit through the horrors of the Abyss.
 77057 | Pan      | Noticed Aluesamp the pandemonium lord
 77063 | Pan      | Killed Aluesamp the pandemonium lord
 77093 | Depths:3 | Escaped Pandemonium
 77469 | Zot:5    | Noticed an ancient lich
 77482 | Zot:5    | Gained mutation: Your spells are a little easier to cast,
                  | but a little less powerful. [mutagenic glow]
 77484 | Zot:5    | Killed an ancient lich
 77517 | Zot:5    | Gained mutation: You are dopey. (Int -2) [mutagenic glow]
 77541 | Zot:5    | Noticed an orb of fire
 77557 | Zot:5    | Noticed an ancient lich
 77559 | Zot:5    | Noticed an orb of fire
 77562 | Zot:5    | Noticed an orb of fire
 77562 | Zot:5    | Gained mutation: Your magical capacity is very low. (-20%
                  | MP) [an orb of fire]
 77564 | Zot:5    | Killed an orb of fire
 77565 | Zot:5    | Noticed an orb of fire
 77566 | Zot:5    | Noticed an orb of fire
 77571 | Zot:5    | Killed an ancient lich
 77574 | Zot:5    | Gained mutation: You have hidden genetic defects. [an orb
                  | of fire]
 77577 | Zot:5    | Gained mutation: You are clumsy. (Dex -2) [an orb of fire]
 77581 | Zot:5    | Noticed an orb of fire
 77588 | Zot:5    | Gained mutation: You occasionally lose the ability to read
                  | scrolls when taking damage. [an orb of fire]
 77598 | Zot:5    | Noticed a dread lich
 77608 | Zot:5    | Gained mutation: You are very vulnerable to heat. (rF--)
                  | [an orb of fire]
 77610 | Zot:5    | Killed an orb of fire
 77612 | Zot:5    | Killed an orb of fire
 77638 | Zot:5    | Killed a dread lich
 77667 | Zot:5    | Killed from afar by an orb of fire

Illustrated notes

Levels and vault maps discovered:
D:1:      tarquinn_simple_flora_water_f, layout_basic,
          nicolae_concentric_dashed_squares_mild, glass_columns_b,
          minmay_misc_feat_ornament, minmay_misc_feat_x
D:2:      layout_basic, minivault_24
D:3:      layout_basic, nicolae_sif_muna_little_library,
          nicolae_ru_sacrificial_ziggurat, nicolae_ecumenical_pavilion,
          minmay_ogre_servants
D:4:      nicolae_cairo_tiling_large, layout_rooms
D:5:      layout_loops_ring, lemuel_crystal_altar, minmay_temple_entry_mist,
          enter_ossuary_5, uniq_edmund, uniq_duvessa, uniq_prince_ribbit1
D:6:      dreamdust_elfheim, layout_rooms, general_overflow_altar,
          marbit_many_paths, nrook_loot_triangle
D:7:      layout_loops_ring, mainiacjoe_overflow_small_starburst, uniq_menkaure
D:8:      layout_basic, minitemple, serial_ice, serial_ice_d, serial_ice_g,
          serial_ice_l, serial_ice_m, minivault_1, uniq_amaemon
D:9:      layout_irregular_city, enter_bailey_3,
          eino_small_chamber_without_monster, nicolae_nh_ransacked_shop,
          uniq_erolcha, uniq_joseph
D:10:     layout_irregular_city, grunt_gozag_statues, tso_oasis_becter,
          dpeg_oklobed_lair
D:11:     layout_loops_ring, david_orc_1_choice
D:12:     four-leaf_vault, layout_basic, serial_shops, shop,
          nicolae_shop_competitors_out_of_business, shop, shop
D:13:     layout_rooms, david_vaults_4, vehumet_statue
D:14:     layout_roguey, special_room [special_room_orc], serial_park_square1
          [serial_park_minivault_5x5_7], hangedman_tell_no_tales, uniq_roxanne
D:15:     grunt_enter_depths_giant_problem, layout_loops_ring, enter_trove_6,
          minmay_crystal_water, onia_ninara_cookie
Temple:   minmay_temple_bridge_abc
Lair:1:   layout_hall_layers, grunt_megastairs_1
Lair:2:   layout_regular_city, minmay_shoals_entry_hut,
          nicolae_snake_entry_squirm, st_stairs_13
Lair:3:   layout_chaotic_city, uniq_gastronok, uniq_kirke, uniq_josephine
Lair:4:   layout_long_grid, minivault_24, lemuel_altar_in_water2
Lair:5:   hangedman_lair_caniforms_friends, layout_cave_pods,
          hangedman_lair_tendril_chambers, slime_entry_1
Shoals:1: layout_shoals, nicolae_shoals_spring_well_temple
Shoals:2: layout_shoals, nicolae_shoals_abyss_on_the_beach
Shoals:3: layout_shoals
Shoals:4: shoals_end_hellmonk_storm_palace [storm_palace_center_square,
          storm_palace_corner_pillars, storm_palace_corner_blocked,
          storm_palace_corner_pillars, storm_palace_corner_reverse_hut]
Snake:1:  layout_layer_cave, special_room, grunt_megastairs_2,
          lemuel_fruit_tree, minmay_shop_star, serial_bayou_shore_b
Snake:2:  layout_gridlike, uniq_nikola
Snake:3:  nicolae_snake_crotalidae_crossing, layout_chambers,
          gammafunk_ghost_grave
Snake:4:  hellmonk_snake_rune_quicksilver_temple, layout_misc_corridors,
          nicolae_snake_snakes_in_the_grass, uniq_aizul
Slime:1:  layout_caves, basic_altar
Slime:2:  layout_caves, basic_altar, nicolae_slime_barrier
Slime:3:  layout_caves
Slime:4:  layout_caves
Slime:5
Orc:1:    layout_diamond_mine, nicolae_shop_vocational, uniq_harold
Orc:2:    hellmonk_orc_salted, layout_diamond_mine
Elf:1:    eino_elf_arrival_customs, layout_geoelf_grid, serial_shops,
          bzr_entry_lakeside, nicolae_shop_window_shopping, minmay_elf_sorcery,
          dreamdust_princess_bridge, moated_statue, palyth_stone_intersect,
          minivault_16, nicolae_elf_glassroom_feature, uniq_frances, uniq_louise
Elf:2:    nicolae_elf_blades_crystal_corner, layout_geoelf_grid
Elf:3:    grunt_elf_hall_diamonds, layout_onion_city, serial_glass,
          glass_columns_a, glass_columns_c, glass_columns_a, glass_columns_c,
          glass_columns_a, glass_columns_a, glass_columns_b, glass_columns_a,
          glass_columns_c, glass_columns_a, glass_columns_a, glass_columns_a,
          glass_columns_c, glass_columns_a
Vaults:1: nicolae_vaults_lightning_bolt, nicolae_vaults_storage_closets_2,
          vaults_room_ringed_pool, nicolae_vaults_tetromino_Z_2,
          nicolae_vaults_apartment_2, nicolae_vaults_mini_display_case,
          nicolae_vaults_closet_pinwheel_3, nicolae_vaults_closet_pinwheel_1,
          nicolae_vaults_tetromino_Z_1, layout_vaults_omnigrid, uniq_asterion
Vaults:2: vaults_room_fours, minmay_crypt_entry_necro_gods,
          nicolae_vaults_little_squares_1, dpeg_vaults_monster_row,
          hangedman_vaults_stretched_pinwheel, vaults_room_stairs_pillars,
          vaults_standard_mumra_x, ontoclasm_vaults_eye, v_misc_27,
          nicolae_vaults_off_center_swirl, vaults_room_octagon,
          nicolae_vaults_arrows, vaults_dpeg_ring, nicolae_vaults_apartment_1,
          nicolae_vaults_house_1, layout_vaults_maze_bifur, serial_shops, shop
Vaults:3: gammafunk_ghost_tricky_traps, grunt_vaults_diagonal,
          ontoclasm_vaults_decontamination, grunt_vaults_focal,
          nicolae_vaults_back_hallway, hangedman_vaults_impose,
          vaults_dpeg_emergency_exit, nicolae_vaults_weapon_check,
          vaults_room_pool, nicolae_vaults_door_testing_chamber, v_misc_12,
          layout_vaults_big_room, serial_shops, shop, uniq_margery
Vaults:4: portal_desolation_entry_holy_temple, vaults_dpeg_doors,
          dpeg_vaults_waves, v_pattern_2, nicolae_vaults_offset_grid_hallway_2,
          ontoclasm_vaults_gateway, hangedman_vaults_corner,
          nicolae_vaults_network_star, ontoclasm_vaults_ring_square,
          layout_vaults_ring, serial_shops, bzr_in_the_mist, uniq_boris
Vaults:5
Crypt:1:  layout_chaotic_city, grunt_ministairs_2, lemuel_upstairs_altar,
          uniq_zenata, uniq_mennas
Crypt:2:  layout_misc_corridors
Crypt:3:  due_elkab, layout_chaotic_city
Tomb:1
Depths:1: layout_gridville, ashenzari_altar_1, grunt_hell_horde,
          grunt_decor_arrowhead, kennysheep_generic_room_7,
          kennysheep_cross_landing, uniq_bai_suzhen, uniq_mara
Depths:2: minmay_the_grid_octo_tiled_squarecenter_mashed
          [minmay_the_grid_octo_fan_narrow, minmay_the_grid_octo_pinwheel,
          minmay_the_grid_octo_focus, minmay_the_grid_octo_vomiting_pacman,
          minmay_the_grid_square_5x5_megaprize_checkered,
          minmay_the_grid_square_5x5_minivault,
          minmay_the_grid_square_5x5_seven,
          minmay_the_grid_square_5x5_eight_small,
          minmay_the_grid_square_5x5_checkered], layout_honeycomb,
          minmay_room_of_horrors, hangedman_geh_valley, pan_entry,
          columned_hall_lemuel
Depths:3: hangedman_box_tower, layout_small_grid, enter_ziggurat_d,
          reono_crystal_passage, hell_entry, abyss_entry,
          rand_demon_pan_entry_3, nicolae_wooded_promenade,
          hangedman_abyss_or_decor_stabs, grunt_dithmenos_smoke_and_mirrors
Depths:4: grunt_bruiser_brothers, layout_cave_pools, nicolae_sextant,
          grunt_hell_entry_dis_mu, nicolae_shop_gadgets, uniq_frederick
Zot:1:    layout_cathedral_of_symmetry, hangedman_elemental_corridor
Zot:2:    layout_cellular_growth, uniq_parghit
Zot:3:    minmay_elemental_castle, layout_basic, st_stairs_3
Zot:4:    layout_onion
Zot:5:    layout_misc_corridors, not_door_vault_due

Skill      XL: |  1  2  3  4  5  6  7  8  9 10 11 12 13 14 15 16 17 18 19 20 21 22 23 24 25 26 27 |
---------------+----------------------------------------------------------------------------------+-----
Maces & Flails | 4 5 6 7 8 10 11 12 13 14 15 16 | 16.0
Fighting       | 3 4 5 7 9 10 12 13 14 17 18 20 22 23 24 26 27 | 27.0
Armour         | 2 5 7 10 11 14 17 18 27 | 27.0
Invocations    | 4 9 11 14 15 17 20 21 22 23 25 27 | 27.0
Shields        | 3 5 7 10 13 14 | 14.0
Throwing       | 6 9 10 | 10.0
Evocations     | 3 10 11 25 | 25.3
Dodging        | 4 |  4.7

Action                     |  1- 3 |  4- 6 |  7- 9 | 10-12 | 13-15 | 16-18 | 19-21 | 22-24 | 25-27 || total
---------------------------+-------+-------+-------+-------+-------+-------+-------+-------+-------++-------
  Melee: Flail             |   100 |   132 |       |       |       |       |       |       |       ||   232
         Punch             |     1 |     1 |       |    14 |     5 |       |       |       |       ||    21
         Great mace        |       |    43 |   124 |       |       |       |       |       |       ||   167
         Morningstar       |       |       |    48 |   894 |  2023 |  2128 |  1686 |    61 |       ||  6840
         Unarmed           |       |       |       |       |       |     1 |       |       |       ||     1
         Sacred scourge    |       |       |       |       |       |       |   489 |   868 |  4352 ||  5709
         Eveningstar       |       |       |       |       |       |       |       |       |   433 ||   433
         Headbutt          |       |       |       |       |       |       |       |       |   766 ||   766
         Bite              |       |       |       |       |       |       |       |       |   244 ||   244
  Throw: Throwing net      |       |     1 |       |       |       |       |       |       |       ||     1
 Invoke: Heal Self         |       |       |       |     2 |     3 |     3 |     6 |       |       ||    14
         Heal Other        |       |       |       |       |       |     1 |       |       |       ||     1
         Brand Weapon With |       |       |       |       |       |       |     1 |       |       ||     1
         Cleansing Flame   |       |       |       |       |       |       |       |     2 |    30 ||    32
         Summon Divine War |       |       |       |       |       |       |       |       |    10 ||    10
  Evoke: Wand              |       |       |     2 |    15 |     3 |     1 |     2 |     1 |     2 ||    26
    Use: Scroll            |       |     9 |    11 |    12 |     8 |     5 |     5 |     7 |    44 ||   101
         Potion            |       |       |     3 |     8 |     2 |     2 |    11 |     4 |    35 ||    65
 Armour: Leather armour    |    52 |     3 |       |       |       |       |       |       |       ||    55
         Ring mail         |       |    98 |    53 |       |       |       |       |       |       ||   151
         Chain mail        |       |       |    18 |   206 |       |       |       |     4 |   550 ||   778
         Plate armour      |       |       |       |   489 |  1256 |  1367 |  1002 |   369 |       ||  4483
         Gold dragon scale |       |       |       |       |       |       |       |       |  1572 ||  1572
  Dodge: Dodged            |    84 |   117 |    81 |   459 |   871 |   964 |   672 |   320 |  1417 ||  4985
  Block: Buckler           |       |       |       |       |   504 |    90 |       |       |       ||   594
         Kite shield       |       |       |       |       |       |   960 |  1083 |   438 |  2788 ||  5269
